 Dungeon Crawl Stone Soup version 0.23-a0-767-gdc19b93d68 (webtiles) character file.

5178 Fliddo the Archer (level 10, 0/83 HPs)
             Began as a Centaur Hunter on Jan 23, 2019.
             Was an Elder of Okawaru.
             Slain by a yak (3 damage)
             ... on level 9 of the Dungeon.
             The game lasted 00:59:13 (8416 turns).

Fliddo the Archer (Centaur Hunter)                  Turns: 8416, Time: 00:59:13

Health: 0/83       AC: 13    Str: 23    XL:     10   Next: 34%
Magic:  13/13      EV: 12    Int: 12    God:    Okawaru [****..]
Gold:   593        SH:  0    Dex: 16    Spells: 9/9 levels left

rFire    + . .     SeeInvis .   b - +2 trident (venom)
rCold    + . .     Gourm    .   (no shield)
rNeg     . . .     Faith    .   c - +0 leather armour
rPois    .         Spirit   .   x - +1 hat
rElec    .         Reflect  .   t - +0 cloak
rCorr    .         Harm     .   w - +0 pair of gloves of Liberty {-Tele rC+ Dex+2 Stlth+}
MR       .....     NoTele   +   E - +0 centaur barding {rF+}
Stlth    ++........             (no amulet)
HPRegen  0.23/turn              m - +4 ring of strength
MPRegen  0.13/turn              C - +5 ring of strength

@: very quick
A: large, hooves 3, horns 1, icy blue scales 1, clever 1, deformed body, speed
2, mutation resistance 1, tough skin 3
a: Heroism, Renounce Religion


You were on level 9 of the Dungeon.
You worshipped Okawaru.
Okawaru was greatly pleased with you.
You were not hungry.

You visited 2 branches of the dungeon, and saw 10 of its levels.

You collected 593 gold pieces.

Inventory:

Hand Weapons
 a - a +2 shortbow
 b - a +2 trident of venom (weapon)
Missiles
 d - 115 arrows
Armour
 c - a +0 leather armour (worn)
 j - the +5 leather armour of the Ward {Str+6, unknown}
   (You found it on level 8 of the Dungeon)

   It affects your strength (+6).
 t - a +0 cloak (worn)
 w - the +0 pair of gloves of Liberty (worn) {-Tele rC+ Dex+2 Stlth+}
   (You acquired it on level 8 of the Dungeon)

   It affects your dexterity (+2).
   It protects you from cold.
   It prevents most forms of teleportation.
   It makes you more stealthy.
 x - a +1 hat (worn)
 E - a +0 centaur barding of fire resistance (worn)
Jewellery
 g - a +4 amulet of reflection {unknown}
 m - a +4 ring of strength (left hand)
 o - an uncursed ring of resist corrosion
 C - a +5 ring of strength (right hand)
Wands
 r - a wand of acid (9)
 z - a wand of polymorph (30)
 K - a wand of digging (6)
Scrolls
 k - a scroll of teleportation
 p - 3 scrolls of blinking
 u - 2 scrolls of fog
 y - 4 scrolls of remove curse
 G - a scroll of amnesia
 I - a scroll of holy word {unknown}
 J - a scroll of acquirement
Potions
 e - 5 potions of curing
 h - a potion of cancellation
 i - 2 potions of agility
 l - 2 potions of heal wounds
 n - a potion of invisibility
 q - a potion of ambrosia {unknown}
 s - a potion of resistance {unknown}
 v - a potion of might {unknown}
 A - a potion of magic {unknown}
 B - a potion of haste {unknown}
 D - 3 potions of flight {unknown}
 F - 2 potions of degeneration {unknown}
Comestibles
 f - 16 rations
 H - a chunk of flesh


   Skills:
 - Level 6.0 Fighting
 - Level 5.0 Polearms
 - Level 11.0 Bows
 + Level 7.6 Dodging
 - Level 0.4 Stealth
 - Level 5.0 Invocations


You had 9 spell levels left.
You didn't know any spells.
Your spell library contained the following spells:

 Spells                   Type           Power        Failure   Level  Hunger
 Animate Skeleton         Necr           N/A          36%         1    ##.....
 Confusing Touch          Hex            #.....       36%         1    ##.....
 Corona                   Hex            #......      36%         1    ##.....
 Magic Dart               Conj           #...         36%         1    ##.....
 Pain                     Necr           #...         36%         1    ##.....
 Blink                    Tloc           N/A          50%         2    ###....
 Call Imp                 Summ           #.......     50%         2    ###....
 Ensorcelled Hibernation  Hex/Ice        #.....       50%         2    ###....
 Slow                     Hex            #.......     50%         2    ###....
 Confuse                  Hex            #.......     75%         3    ####...
 Conjure Flame            Conj/Fire      #.......     75%         3    ####...
 Dazzling Spray           Conj/Hex       #.....       75%         3    ####...
 Gell's Gravitas          Tloc           #.........   75%         3    ####...
 Mephitic Cloud           Conj/Pois/Air  #.......     75%         3    ####...
 Regeneration             Chrm/Necr      #.........   75%         3    ####...
 Tukima's Dance           Hex            #.......     75%         3    ####...
 Vampiric Draining        Necr           #.........   75%         3    ####...
 Animate Dead             Necr           N/A          98%         4    #####..
 Petrify                  Tmut/Erth      #.......     98%         4    #####..
 Metabolic Englaciation   Hex/Ice        #.........   100%        5    ######.
 Yara's Violent Unravell  Hex/Tmut       #.........   100%        5    ######.


Dungeon Overview and Level Annotations

Branches:
Dungeon (9/15)             Temple (1/1) D:4
   Lair: D:8-11         Orc: D:9-12

Altars:
Ashenzari
Cheibriados
Dithmenos
Elyvilon
Fedhas
Gozag
Hepliaklqana
Kikubaaqudgha
Makhleb
Nemelex Xobeh
Okawaru
Qazlal
Ru
Sif Muna
Trog
Uskayaw
Vehumet
Wu Jian
Xom
Yredelemnul
Zin
The Shining One

Shops:
D:5 }

Annotations:
D:9 3 runed doors


Innate Abilities, Weirdness & Mutations

You have hooves in place of feet.
Armour fits poorly on your strangely shaped body.
You cover ground very quickly.
You have extremely tough skin. (AC +3)
You have a pair of small horns on your head.
You are partially covered in icy blue scales. (AC +2)
Your mind is acute. (Int +2)
You are somewhat resistant to further mutation.


Message History

You hit the howler monkey zombie.
You kick the howler monkey zombie, but do no damage.
The howler monkey zombie is heavily damaged.
The yak barely misses you. x3; The howler monkey zombie hits you.
You hit the howler monkey zombie. You kick the howler monkey zombie!
You destroy the howler monkey zombie!
Okawaru accepts your kill.
The yak looks more healthy.
The yak barely misses you. The yak closely misses you.
The yak gores you but does no damage. The yak gores you.
* * * LOW HITPOINT WARNING * * *
Some of the chunks of flesh in your inventory have rotted away.
You hit the yak.
The yak is poisoned.
Your headbutt misses the yak.
The yak is lightly wounded.
The yak barely misses you. The yak gores you!
* * * LOW HITPOINT WARNING * * *
The yak gores you.
* * * LOW HITPOINT WARNING * * *
The yak gores you.
You die...

##..#...#...#..##....
.
###..#...#..........
.( ###..#..#........
..# ###.##.....#.#.
(.## ######..###
..((. #....###(.(.##
#..##..(.(..(#
#####Y(.......
#@Y.....$..
#Y.....#... ##...###
#. #####


You could see 3 yaks.

Vanquished Creatures
  Joseph (D:8)
  A troll (D:9)
  Grinder (D:3)
  A hippogriff (D:8)
  A shadow (D:9)
  2 yaks (D:9)
  A spriggan (D:8)
  A hungry ghost (D:8)
  2 chaos spawn
  Edmund (D:4)
  A water moccasin (D:8)
  2 orc warriors
  A sky beast (D:5)
  A black bear (D:8)
  2 centaurs
  7 ogres
  5 bullfrogs
  A wyvern skeleton (D:8)
  3 howler monkeys
  4 crimson imps
  A quasit (D:7)
  4 hounds
  A jelly (D:6)
  Crazy Yiuf (D:5)
  2 bullfrog skeletons
  3 orc priests
  13 orc wizards
  A centaur skeleton (D:4)
  3 iguanas
  5 worker ants
  A hound skeleton (D:7)
  A worker ant zombie (D:5)
  Robin (D:4)
  A howler monkey zombie (D:9)
  10 adders
  7 gnolls (D:6)
  A shadow imp (D:2)
  An ooze (D:2)
  An adder skeleton (D:4)
  A worm (D:2)
  A dart slug (D:3)
  8 leopard geckos
  39 orcs
  3 ball pythons
  9 giant cockroaches
  17 goblins
  12 hobgoblins
  12 jackals
  2 quokkas
  7 bats
  4 frilled lizards
  A jackal skeleton (D:7)
  4 kobolds
  8 rats
  A withered plant (D:3)
226 creatures vanquished.

Vanquished Creatures (others)
  A two-headed ogre (D:9)
1 creature vanquished.

Grand Total: 227 creatures vanquished

Notes
Turn   | Place    | Note
-------+----------+-------------------------------------------
     0 | D:1      | Fliddo the Centaur Hunter began the quest for the Orb.
     0 | D:1      | Reached XP level 1. HP: 17/17 MP: 1/1
    76 | D:1      | Reached XP level 2. HP: 24/24 MP: 2/2
    85 | D:1      | Reached skill level 6 in Bows
   686 | D:2      | Reached XP level 3. HP: 25/29 MP: 3/3
   694 | D:2      | Found a blossoming altar of Fedhas.
   762 | D:2      | Reached skill level 7 in Bows
   972 | D:2      | Reached XP level 4. HP: 36/36 MP: 4/4
  1435 | D:3      | Noticed Grinder
  1444 | D:3      | Paralysed by Grinder for 2 turns
  1465 | D:3      | Killed Grinder
  1465 | D:3      | Reached skill level 9 in Bows
  1465 | D:3      | Reached XP level 5. HP: 34/41 MP: 5/5
  1465 | D:3      | Reached XP level 6. HP: 40/48 MP: 6/6
  1515 | D:3      | Found an ancient bone altar of Kikubaaqudgha.
  2317 | D:4      | Gained mutation: You are partially covered in iridescent
                  | scales. (AC +2) [potion of mutation]
  2317 | D:4      | Gained mutation: Your spells are a little easier to cast,
                  | but a little less powerful. [potion of mutation]
  2317 | D:4      | Gained mutation: You are robust. (+10% HP) [potion of
                  | mutation]
  2357 | D:4      | Reached skill level 10 in Bows
  2383 | D:4      | Noticed Robin
  2394 | D:4      | Killed Robin
  2750 | D:4      | Reached XP level 7. HP: 60/60 MP: 7/7
  2769 | D:4      | Reached skill level 11 in Bows
  2834 | D:4      | Found a staircase to the Ecumenical Temple.
  2845 | D:4      | Lost mutation: You are robust. (+10% HP) [potion of
                  | mutation]
  2845 | D:4      | Lost mutation: Your spells are a little easier to cast, but
                  | a little less powerful. [potion of mutation]
  2845 | D:4      | Lost mutation: You are partially covered in iridescent
                  | scales. (AC +2) [potion of mutation]
  2845 | D:4      | Gained mutation: You are somewhat resistant to further
                  | mutation. [potion of mutation]
  2845 | D:4      | Gained mutation: Your mind is acute. (Int +2) [potion of
                  | mutation]
  2845 | D:4      | Gained mutation: You are partially covered in icy blue
                  | scales. (AC +2) [potion of mutation]
  2845 | D:4      | Gained mutation: You have a pair of small horns on your
                  | head. [potion of mutation]
  2898 | D:4      | Noticed Edmund
  2916 | D:4      | Killed Edmund
  3868 | D:5      | Entered Level 5 of the Dungeon
  3881 | D:5      | Reached skill level 1 in Polearms
  3881 | D:5      | Reached XP level 8. HP: 66/66 MP: 8/8
  4081 | D:5      | Found Eduicug's Gadget Shop.
  4276 | D:5      | Found a runed door.
  4281 | D:5      | Noticed Crazy Yiuf
  4286 | D:5      | Killed Crazy Yiuf
  4323 | D:5      | Found a white marble altar of Elyvilon.
  4353 | Temple   | Entered the Ecumenical Temple
  4489 | Temple   | Became a worshipper of Warmaster Okawaru
  4813 | D:6      | Reached skill level 5 in Fighting
  5065 | D:6      | Reached * piety under Okawaru
  5268 | D:6      | Reached XP level 9. HP: 62/75 MP: 9/9
  5292 | D:6      | Reached skill level 1 in Invocations
  5552 | D:6      | Found a bloodstained altar of Trog.
  6198 | D:7      | Reached ** piety under Okawaru
  6445 | D:8      | Identified a scroll of acquirement
  6448 | D:8      | Got a pair of encrusted gloves
  6459 | D:8      | Identified the +0 pair of gloves of Liberty {-Tele rC+
                  | Dex+2 Stlth+} (You acquired it on level 8 of the Dungeon)
  6468 | D:8      | Found the +7 mace of Variability {chain chaos}
  6469 | D:8      | Found a shimmering altar of Xom.
  6471 | D:8      | Noticed Joseph
  6495 | D:7      | Reached skill level 5 in Dodging
  6797 | D:8      | Reached skill level 5 in Polearms
  6929 | D:8      | Reached skill level 5 in Invocations
  7262 | D:8      | Got a slimy leather armour
  7492 | D:8      | Reached *** piety under Okawaru
  7509 | D:8      | Reached XP level 10. HP: 83/83 MP: 13/13
  7587 | D:8      | Killed Joseph
  7875 | D:8      | Found a sacrificial altar of Ru.
  8062 | D:9      | Killed a two-headed ogre
  8180 | D:9      | Found a runed gate.
  8180 | D:9      | Found a runed gate.
  8180 | D:9      | Found a runed gate.
  8182 | D:9      | Found an opulent altar of Gozag.
  8407 | D:9      | Reached **** piety under Okawaru
  8416 | D:9      | HP: 3/83 [yak (3)]
  8416 | D:9      | Slain by a yak

Vault maps used:
D:1:      roderic_crossed_star
D:2:      fedhas_ov_isle_minmay, item_on_display_a
D:3:      kiku_gazebo_garden_becter, uniq_grinder
D:4:      minmay_temple_entry_crystal_x, uniq_edmund, uniq_robin
D:5:      elyvilon_altar_4, first_ration, serial_shops, shop,
          columned_hall_lemuel, uniq_crazy_yiuf_cottage
D:6:      dk_vineyard_2, trog_three_pillars_becter
D:8:      lemuel_ice_spiral_2, lemuel_coloured_pillars_altar, the_bakery,
          minmay_guarded_unrand_variability, uniq_joseph
D:9:      ebering_ghost_gozag, hex_medium, lemuel_flamethrower_2
Temple:   dpeg_five_rooms_temple

Skill      XL: |  1  2  3  4  5  6  7  8  9 10 |
---------------+-------------------------------+-----
Bows           | 6 7 9 10 11 | 11.0
Dodging        | 3 4 6 7 |  7.6
Fighting       | 4 5 6 |  6.0
Polearms       | 1 3 5 |  5.0
Invocations    | 5 |  5.0
Stealth        | |  0.4

Action                   |  1- 3 |  4- 6 |  7- 9 | 10-12 || total
-------------------------+-------+-------+-------+-------++-------
Melee: Dagger            |    29 |    98 |    21 |       ||   148
       Kick              |     6 |    32 |    36 |    14 ||    88
       Trident           |       |       |   133 |    40 ||   173
       Headbutt          |       |       |    32 |     5 ||    37
 Fire: Shortbow          |    57 |    95 |   301 |    73 ||   526
  Use: Scroll            |       |    12 |     6 |     1 ||    19
       Potion            |       |     1 |     3 |     2 ||     6
  Eat: Chunk             |       |     4 |    11 |     1 ||    16
       Ration            |       |       |     1 |       ||     1
Armor: Leather armour    |    20 |    23 |    65 |    18 ||   126
Dodge: Dodged            |    28 |    32 |    95 |    31 ||   186

Table legend:
 A = Non-vault XP
 B = Vault XP
 C = Vault XP percentage of total XP
 D = Non-vault monster count
 E = Vault monster count
 F = Vault count percentage of total count
                 A         B        C        D         E       F
            +---------+---------+-------+---------+---------+-------
      Total |    5867 |    1531 |  20.7 |     206 |      19 |   8.4
            +---------+---------+-------+---------+---------+-------
        D:1 |      35 |       0 |   0.0 |      21 |       0 |   0.0
        D:2 |      82 |       0 |   0.0 |      25 |       0 |   0.0
        D:3 |      39 |     267 |  87.3 |      14 |       1 |   6.7
        D:4 |     688 |     197 |  22.3 |      29 |      13 |  31.0
        D:5 |     679 |      41 |   5.7 |      26 |       1 |   3.7
        D:6 |     879 |       0 |   0.0 |      34 |       0 |   0.0
        D:7 |     898 |     183 |  16.9 |      21 |       1 |   4.5
        D:8 |    1180 |     843 |  41.7 |      17 |       3 |  15.0
        D:9 |    1387 |       0 |   0.0 |      19 |       0 |   0.0
            +---------+---------+-------+---------+---------+-------
